 Dungeon Sprint DCSS version 0.30-a0-210-g01b79a254e (webtiles) character file.

Game seed: 7393842203804790922

1713 rocky1 the Bludgeoner (level 9, -15/92 HPs)
             Began as an Ogre Gladiator on Oct 5, 2022.
             Was an Initiate of Gozag.
             Demolished by a blink frog (18 damage)
             ... in the Dungeon (Sprint VII: "The Pits").
             The game lasted 00:05:55 (1822 turns).

rocky1 the Bludgeoner (Ogre Gladiator)              Turns: 1822, Time: 00:05:56

Health: -15/92     AC:  4    Str: 22    XL:     9   Next: 4%
Magic:  9/9        EV: 11    Int: 11    God:    Gozag
Gold:   734        SH:  0    Dex: 10    Spells: 8/8 levels left

rFire   . . .      SeeInvis .    r - +0 morningstar (protect)
rCold   . . .      Faith    .    (no shield)
rNeg    . . .      Spirit   .    b - +0 robe
rPois   .          Reflect  .    c - +0 hat
rElec   .          Harm     .    w - +0 cloak
rCorr   .          Rampage  .    (gloves unavailable)
Will    .....      NoTele   +    (boots unavailable)
Stlth   +.........               (no amulet)
HPRegen 0.35/turn                (no ring)
MPRegen 0.11/turn                (no ring)

@: invisible
A: large, unfitting armour, tough skin 1
a: Renounce Religion, Potion Petition, Call Merchant, Bribe Branch


You were in the Dungeon.
You worshipped Gozag.
Gozag was pleased with you.
You visited 1 branch You collected 1791 gold pieces.
You spent 555 gold pieces at shops.
You paid 502 gold pieces to Gozag.

Inventory:

Hand Weapons
 a - a +0 flail
 o - a +1 mace of protection
 p - a +1 vorpal flail
 q - the +1 great mace "Uryrril" {holy, Fly}
   (You bought it in a shop in the Dungeon)

   It has been blessed by the Shining One to cause great damage to the undead
   and demons.
   Fly:       It grants you flight.
 r - a +0 morningstar of protection (weapon)
 x - a +1 vorpal broad axe
 y - a +2 vorpal morningstar
Missiles
 d - 3 throwing nets (quivered)
 e - a large rock
Armour
 b - a +0 robe (worn)
 c - a +0 hat (worn)
 w - a +0 cloak (worn)
Jewellery
 j - a +3 ring of evasion
 s - a +3 ring of evasion
Scrolls
 m - 5 scrolls of amnesia
 n - a scroll of summoning
Potions
 f - 8 potions of curing
 g - 2 potions of heal wounds
 h - a potion of haste
 i - 4 potions of magic
 t - 2 potions of berserk rage
 u - a potion of brilliance
 v - a potion of might


   Skills:
 + Level 6.9 Fighting
 * Level 15.7 Maces & Flails
 + Level 5.1 Throwing
 + Level 3.8 Armour
 + Level 5.1 Dodging


You had 8 spell levels left.
You didn't know any spells.
Your spell library was empty.

Dungeon Overview and Level Annotations

Branches:
Dungeon (1/1)

Altars:
Ashenzari
Cheibriados
Dithmenos
Elyvilon
Fedhas
Gozag
Hepliaklqana
Kikubaaqudgha
Makhleb
Nemelex Xobeh
Okawaru
Qazlal
Ru
Sif Muna
Trog
Uskayaw
Vehumet
Wu Jian
Xom
Yredelemnul
Zin
The Shining One
Jiyva
Lugonu

Shops:
D (


Innate Abilities, Weirdness & Mutations

You are too large for most types of armour.
You have tough skin. (AC +1)


Message History

The blink frog hits you but does no damage.
The blink frog closely misses you.
You closely miss the blink frog. The blink frog hits you!
The blink frog hits you but does no damage.
You fade into invisibility!
The blink frog hits you!
* * * LOW HITPOINT WARNING * * *
The blink frog blinks!
The blink frog barely misses you. The blink frog hits you!
* * * LOW HITPOINT WARNING * * *
The blink frog blinks!
You feel much better. The blink frog hits you!
* * * LOW HITPOINT WARNING * * *
The blink frog hits you.
* * * LOW HITPOINT WARNING * * *
Unknown command.
Okay, then.
Blink to where?
Press: ? - help, Dir - move target
As you read the scroll of blinking, it crumbles to dust.
Unknown command.
You see here a +0 falchion.
There's a creature in the doorway!
You feel much better. The blink frog barely misses you.
The blink frog hits you!!
* * * LOW HITPOINT WARNING * * *
The blink frog blinks!
Unknown command.
The blink frog closely misses you.
You barely miss the blink frog. The blink frog hits you.
* * * LOW HITPOINT WARNING * * *
You feel much better. The blink frog hits you!
* * * LOW HITPOINT WARNING * * *
The elephant tramples you!
* * * LOW HITPOINT WARNING * * *
You hold your ground!
The elephant trunk-slaps you.
* * * LOW HITPOINT WARNING * * *
The blink frog hits you!!
You die...
Your body crumbles into a pile of gold.

##########'##.....
#.?(.')))'.##.....
##########.##.....
#F.§YzFF....'.....
#F#####(#####.....
#)#...#.#..##....)
#z#..)#.#))#####)#
#Y#...'.#).##.....
#@##)####))##.....
#F#.....#[[##.....
#.#.....#'###...<.
#[#........##.....
#[#........##.....
#'###########.....
#.......#.[#######
#..#.#..#)########
#.##.##.#)#....#..


You could see an elephant (unable to see you), 3 blink frogs and a wight (unable
to see you).

Vanquished Creatures
  A deep elf pyromancer (D)
  An elephant (D)
  A molten gargoyle (D)
  A freezing wraith (D)
  A wolf (D)
  A centaur (D)
  Blork the orc (D)
  A necrophage (D)
  An orc priest (D)
  A hound (D)
  2 river rats (D)
  5 orcs (D)
  A giant cockroach (D)
  A goblin (D)
  2 jackals (D)
  3 kobolds (D)
  A frilled lizard (D)
  A quokka skeleton (D)
  3 rats (D)
29 creatures vanquished.

Vanquished Creatures (others)
  An orc wizard (D)
1 creature vanquished.

Grand Total: 30 creatures vanquished

Notes
Turn   | Place    | Note
-------+----------+-------------------------------------------
     0 | D        | rocky1 the Ogre Gladiator began the quest for the Orb.
     0 | D        | Reached XP level 1. HP: 22/22 MP: 1/1
    15 | D        | Reached skill level 4 in Maces & Flails
    15 | D        | Reached XP level 2. HP: 21/29 MP: 2/2
    19 | D        | Found a bloodstained altar of Trog.
    19 | D        | Found a shimmering blue altar of Sif Muna.
    19 | D        | Found a viscous altar of Jiyva.
    19 | D        | Found a hazy altar of Hepliaklqana.
    19 | D        | Found an opulent altar of Gozag.
    20 | D        | Found a glowing golden altar of the Shining One.
    20 | D        | Found a glowing silver altar of Zin.
    20 | D        | Found a basalt altar of Yredelemnul.
    20 | D        | Found a shimmering altar of Xom.
    20 | D        | Found an ornate altar of the Wu Jian Council.
    20 | D        | Found a sacrificial altar of Ru.
    20 | D        | Found a stormy altar of Qazlal.
    20 | D        | Found an iron altar of Okawaru.
    20 | D        | Found a sparkling altar of Nemelex Xobeh.
    20 | D        | Found a burning altar of Makhleb.
    20 | D        | Found a blossoming altar of Fedhas.
    20 | D        | Found a white marble altar of Elyvilon.
    20 | D        | Found a shadowy altar of Dithmenos.
    20 | D        | Found a snail-covered altar of Cheibriados.
    23 | D        | Found a corrupted altar of Lugonu.
    23 | D        | Found a radiant altar of Vehumet.
    24 | D        | Found an ancient bone altar of Kikubaaqudgha.
    24 | D        | Found a hide-covered altar of Uskayaw.
    24 | D        | Found a broken altar of Ashenzari.
    27 | D        | Became a worshipper of Gozag Ym Sagoz the Greedy
   166 | D        | Reached skill level 5 in Maces & Flails
   477 | D        | Reached XP level 3. HP: 36/36 MP: 3/3
   480 | D        | Reached skill level 6 in Maces & Flails
   637 | D        | Noticed Blork the orc
   652 | D        | Noticed a wolf
   664 | D        | Killed Blork the orc
   665 | D        | Reached skill level 8 in Maces & Flails
   665 | D        | Reached XP level 4. HP: 44/44 MP: 4/4
   668 | D        | Reached skill level 9 in Maces & Flails
   668 | D        | Reached XP level 5. HP: 50/50 MP: 5/5
   699 | D        | Killed a wolf
   700 | D        | Reached skill level 11 in Maces & Flails
   700 | D        | Reached XP level 6. HP: 42/59 MP: 6/6
   917 | D        | Noticed a molten gargoyle
   925 | D        | Killed a molten gargoyle
   926 | D        | Reached skill level 13 in Maces & Flails
   926 | D        | Reached XP level 7. HP: 46/66 MP: 7/7
  1138 | D        | Reached skill level 14 in Maces & Flails
  1201 | D        | Bought an ebony great mace for 345 gold pieces
  1201 | D        | Identified the +1 great mace "Uryrril" {holy, Fly} (You
                  | bought it in a shop in the Dungeon)
  1201 | D        | Bought a runed morningstar for 210 gold pieces
  1213 | D        | Noticed a freezing wraith
  1213 | D        | Noticed an elephant
  1237 | D        | Killed an elephant
  1238 | D        | Reached XP level 8. HP: 42/79 MP: 8/8
  1247 | D        | Killed a freezing wraith
  1248 | D        | Reached skill level 5 in Fighting
  1248 | D        | Reached skill level 15 in Maces & Flails
  1688 | D        | Noticed a deep elf pyromancer
  1711 | D        | Killed a deep elf pyromancer
  1712 | D        | Reached skill level 5 in Throwing
  1712 | D        | Reached skill level 5 in Dodging
  1712 | D        | Reached XP level 9. HP: 77/92 MP: 9/9
  1783 | D        | Noticed an elephant
  1813 | D        | HP: 4/92 [blink frog (13)]
  1814 | D        | HP: 1/92 [blink frog (6)]
  1822 | D        | HP: 3/92 [elephant (3)]
  1822 | D        | Demolished by a blink frog

Illustrated notes

Levels and vault maps discovered:
D:        pitsprint [storerooms_1, entrance_room_1, metal_vault_7, armoury_2,
          mini_pit_1, grid_room_1, main_hall_1, silver_pit, the_coven_1,
          the_vestibule_1, steel_vault_3, golden_pit, hallway_of_sentries,
          crystal_vault_2, iron_vault_1, final_vault]

Skill      XL: |  1  2  3  4  5  6  7  8 |
---------------+-------------------------+-----
Maces & Flails | 4 5 8 9 11 13 14 15 | 15.7
Fighting       | 4 6 |  6.9
Throwing       | 3 5 |  5.1
Armour         | 2 3 |  3.8
Dodging        | 3 5 |  5.1

Action                   |  1- 3 |  4- 6 |  7- 9 || total
-------------------------+-------+-------+-------++-------
Melee: Flail             |    26 |       |       ||    26
       Mace              |    14 |    51 |    12 ||    77
       Morningstar       |       |       |    36 ||    36
Throw: Throwing net      |       |       |     1 ||     1
Invok: Call Merchant     |       |       |     1 ||     1
  Use: Potion            |     2 |     4 |     9 ||    15
       Scroll            |       |       |     1 ||     1
Armor: Robe              |     7 |    23 |    18 ||    48
Dodge: Dodged            |    17 |    19 |    35 ||    71

Table legend: (Time is in decaauts)
 A = Elapsed time spent in this place.
 B = Non-inter-level travel time spent in this place.
 C = Inter-level travel time spent in this place.
 D = Time resting spent in this place.
 E = Time spent auto-exploring this place.
 F = Levels seen in this place.
 G = Mean time per level.
                   A        B        C        D        E       F      G
               +--------+--------+--------+--------+--------+-----+--------+
         Total |   1844 |   1823 |     21 |   1215 |      0 |   1 | 1844.0 |
       Dungeon |   1844 |   1823 |     21 |   1215 |      0 |   1 | 1844.0 |
               +--------+--------+--------+--------+--------+-----+--------+

Top non-repeatable levels by time:
       D: 1844 daAuts
